 Dungeon Crawl Stone Soup version 0.25-a0-365-g7600c65aa0 (webtiles) character file.

Game seed: 12635768390736590385, levelgen mode: deterministic

397 ANON1729 the Slasher (level 6, -8/51 HPs)
             Began as a Barachi Fighter on Jan 5, 2020.
             Killed by nerve-wracking pain
             ... invoked by an orc priest
              (12 damage)
             ... on level 4 of the Dungeon.
             The game lasted 00:04:50 (2363 turns).

ANON1729 the Slasher (Barachi Fighter)              Turns: 2363, Time: 00:04:50

Health: -8/51      AC: 15    Str: 18    XL:     6   Next: 83%
Magic:  6/6        EV:  5    Int:  9    God:
Gold:   173        SH:  9    Dex: 12    Spells: 5/5 levels left

rFire    . . .     SeeInvis .   a - +0 long sword
rCold    . . .     Gourm    .   c - +0 shield
rNeg     . . .     Faith    .   q - +4 chain mail
rPois    .         Spirit   .   (no helmet)
rElec    .         Reflect  .   (no cloak)
rCorr    .         Harm     .   o - +0 pair of gloves
MR       .....                  (no boots)
Stlth    ..........             (no amulet)
HPRegen  0.17/turn              (no ring)
MPRegen  0.10/turn              (no ring)

@: slow
A: +LOS, swims, slowness 1, strong legs 1
a: Hop


You were on level 4 of the Dungeon.
You were hungry.

You visited 1 branch of the dungeon, and saw 4 of its levels.

You collected 173 gold pieces.

Inventory:

Hand Weapons
 a - a +0 long sword (weapon)
Armour
 c - a +0 shield (worn)
 o - a +0 pair of gloves (worn)
 q - a +4 chain mail (worn)
Wands
 s - a wand of random effects (43)
Scrolls
 d - a scroll of random uselessness {unknown}
 e - 2 scrolls of teleportation {unknown}
 i - 6 scrolls of identify {unknown}
 j - a scroll of immolation {unknown}
 k - a scroll of amnesia {unknown}
 n - 3 scrolls of fear {unknown}
 p - 2 scrolls of magic mapping {unknown}
 r - 3 scrolls of remove curse {unknown}
Potions
 b - a potion of brilliance
 h - 2 potions of heal wounds
 l - 2 potions of curing
Comestibles
 f - 5 rations


   Skills:
 + Level 5.0 Fighting
 * Level 5.4 Long Blades
 + Level 5.0 Armour
 + Level 2.4 Stealth
 - Level 4.0 Shields


You had 5 spell levels left.
You didn't know any spells.
Your spell library was empty.

Dungeon Overview and Level Annotations

Branches:
Dungeon (4/15)
 Temple: D:4-7

Altars:
Dithmenos
The Shining One


Innate Abilities, Weirdness & Mutations

You can be seen from farther away. (+LOS)
You can swim through water.
You cover ground slowly.
You can hop short distances.


Message History

The orc priest is lightly wounded.
You block the orc's attack. You block the orc priest's attack.
You closely miss the orc priest.
The orc priest is lightly wounded.
You block the orc's attack.
The orc priest invokes the aid of Beogh against you.
Beogh smites you!
* * * LOW HITPOINT WARNING * * *
You closely miss the orc priest.
The orc priest is lightly wounded.
You block the orc's attack.
The orc priest mumbles some strange prayers to Beogh against you.
Pain shoots through your body!
* * * LOW HITPOINT WARNING * * *
The orc barely misses you.
The orc priest begins to cast a cantrip, but forgets the words!
You block the orc's attack.
The orc priest mumbles some strange prayers to Beogh against you.
Pain shoots through your body!
You die...

### o. oo .# .#
########## #####.#
#..........####..o).#
#................o..#
#......#.###.###@#..#
.......#...#.#...#..#
.......###.#.#.###[.#
....................#
.##.(..###.#.#.###..#
#....# #.....# #..#
#....# ###.### #.##
#.#.......... .#
#.#.##########


You could see an orc priest and an orc.

Vanquished Creatures
  Sigmund (D:3)
  Purgy (D:3)
  An orc priest (D:4)
  3 adders
  An ooze (D:3)
  A worm (D:2)
  4 dart slugs
  A leopard gecko (D:2)
  2 orcs (D:4)
  7 bats
  6 giant cockroaches
  4 goblins
  6 hobgoblins
  8 kobolds
  3 quokkas (D:3)
  3 frilled lizards
  9 rats
61 creatures vanquished.

Vanquished Creatures (others)
  4 toadstools (D:1)
4 creatures vanquished.

Grand Total: 65 creatures vanquished

Notes
Turn   | Place    | Note
-------+----------+-------------------------------------------
     0 | D:1      | ANON1729 the Barachi Fighter began the quest for the Orb.
     0 | D:1      | Reached XP level 1. HP: 18/18 MP: 1/1
    47 | D:1      | Reached XP level 2. HP: 23/25 MP: 2/2
   250 | D:1      | Reached XP level 3. HP: 24/30 MP: 3/3
   583 | D:2      | Found a faded altar of an unknown god.
   647 | D:2      | Reached skill level 1 in Stealth
  1077 | D:3      | Reached XP level 4. HP: 35/37 MP: 4/4
  1591 | D:3      | Noticed Purgy
  1638 | D:3      | HP: 1/37 [Purgy (1)]
  1639 | D:3      | Killed Purgy
  1639 | D:3      | Reached XP level 5. HP: 2/43 MP: 5/5
  1753 | D:3      | Noticed Sigmund
  2033 | D:3      | Killed Sigmund
  2033 | D:3      | Reached skill level 5 in Long Blades
  2033 | D:3      | Reached XP level 6. HP: 42/50 MP: 6/6
  2131 | D:3      | Found a shadowy altar of Dithmenos.
  2144 | D:3      | Found a glowing golden altar of the Shining One.
  2358 | D:4      | Reached skill level 5 in Fighting
  2358 | D:4      | Reached skill level 5 in Armour
  2363 | D:4      | Killed from afar by an orc priest

Levels and vault maps discovered:
D:1:      ldierk_walled_garden_2, layout_basic, roderic_serpentine_path
D:2:      layout_rooms, chequers_ecumenical_altar_island
D:3:      layout_rooms, nicolae_overflow_hidden_temple,
          grunt_dithmenos_smoke_and_mirrors, uniq_sigmund, uniq_purgy
D:4:      layout_basic, brannock_xom_greatest_gift, first_ration,
          minmay_misc_feat_encased, minmay_misc_feat_roman, uniq_edmund

Skill      XL: |  1  2  3  4  5  6 |
---------------+-------------------+-----
Long Blades    | 3 4 5 |  5.4
Armour         | 4 5 |  5.0
Fighting       | 4 5 |  5.0
Stealth        | 1 2 |  2.4
Shields        | 4 |  4.0

Action                   |  1- 3 |  4- 6 || total
-------------------------+-------+-------++-------
Melee: Long sword        |    79 |   161 ||   240
Evoke: Wand              |       |     1 ||     1
  Use: Potion            |       |     6 ||     6
  Eat: Chunk             |     1 |     4 ||     5
Armor: Scale mail        |    36 |       ||    36
       Chain mail        |     4 |   182 ||   186
Dodge: Dodged            |    27 |    35 ||    62
Block: Shield            |    48 |   104 ||   152
       Rpst.: Long sword |    10 |    10 ||    20

Table legend:
 A = Non-vault XP
 B = Vault XP
 C = Vault XP percentage of total XP
 D = Non-vault monster count
 E = Vault monster count
 F = Vault count percentage of total count
                 A         B        C        D         E       F
            +---------+---------+-------+---------+---------+-------
      Total |     192 |     376 |  66.2 |      59 |       2 |   3.3
            +---------+---------+-------+---------+---------+-------
        D:1 |      43 |       0 |   0.0 |      21 |       0 |   0.0
        D:2 |      36 |       0 |   0.0 |      12 |       0 |   0.0
        D:3 |      66 |     376 |  85.1 |      23 |       2 |   8.0
        D:4 |      47 |       0 |   0.0 |       3 |       0 |   0.0
            +---------+---------+-------+---------+---------+-------
